 Dungeon Crawl Stone Soup version 0.22-a0-460-g49b1da7 (webtiles) character file.

331548 4thArraOfDagon the Brawler (level 20, -13/257 HPs)
             Began as a Troll Monk on June 9, 2018.
             Was the Champion of Wu Jian.
             Killed from afar by a Brimstone Fiend (31 damage)
             ... with damnation
             ... in Pandemonium.
             The game lasted 02:01:37 (14486 turns).

4thArraOfDagon the Brawler (Troll Monk)            Turns: 14486, Time: 02:01:38

Health: -13/257    AC: 28    Str: 26    XL:     20   Next: 49%
Magic:  32/35      EV: 22    Int: 21    God:    Wu Jian [******]
Gold:   1819       SH: 12    Dex: 15    Spells: 26/33 levels left

rFire    + + .     SeeInvis .     - Unarmed
rCold    . . .     Gourm    +   D - +0 shield of Jesoloeg {+Inv Int+7} (curse)
rNeg     + . .     Faith    .   (armour currently unavailable)
rPois    ∞         Spirit   .   (helmet restricted)
rElec    +         Reflect  .   G - +2 cloak {MR+}
rCorr    .         Harm     .   (gloves unavailable)
MR       ++...                  (boots unavailable)
Stlth    +++.......             o - amulet "Leit" {RegenMP rF+}
HPRegen  0.92/turn              g - ring "Kerphexit" {MP+9 Str+2 Dex+3 Stlth+}
MPRegen  0.49/turn              d - +4 ring of evasion

@: statue-form, very slow
A: large, unfitting armour, claws 3, horns 1, talons 1, clever 1, fire
resistance 1, fast metabolism 3, gourmand, low mp 1, regeneration 1, screaming
1, subdued magic 1
}: 3/15 runes: decaying, serpentine, slimy
a: End Transformation, Wall Jump, Serpent's Lash, Heavenly Storm, Renounce
Religion, Evoke Invisibility


You were in Pandemonium.
You worshipped Wu Jian.
Wu Jian was exalted by your worship.
You were very full.
You were a stone statue.
You visited 7 branches of the dungeon, and saw 38 of its levels.
You visited Pandemonium 1 time, and saw 3 of its levels.
You also visited: Labyrinth and Ice Cave.

You collected 2690 gold pieces.
You spent 871 gold pieces at shops.

Inventory:

Armour
 n - the +3 robe of Jaihonn (melded) {Dex+2 Slay+2}
   (You found it on level 10 of the Dungeon)

   It affects your dexterity (+2).
   It affects your accuracy and damage with ranged weapons and melee attacks
   (+2).
 D - the cursed +0 shield of Jesoloeg (worn) {+Inv Int+7}
   (You took it off a deep elf sorcerer on level 3 of the Elven Halls)

   It affects your intelligence (+7).
   It lets you turn invisible.
   It has a curse placed upon it.
 G - a +2 cloak of magic resistance (worn)
Magical Staves
 p - an uncursed staff of earth
 K - an uncursed staff of power {!a}
 R - an uncursed staff of wizardry {!a}
Jewellery
 a - an uncursed ring of protection from fire
 d - a +4 ring of evasion (right claw)
 g - the ring "Kerphexit" (left claw) {MP+9 Str+2 Dex+3 Stlth+}
   (You found it on level 1 of the Elven Halls)

   [ring of magical power]

   It affects your strength (+2).
   It affects your dexterity (+3).
   It affects your magic capacity (+9).
   It makes you more stealthy.
 o - the amulet "Leit" (around neck) {RegenMP rF+}
   (You found it on level 2 of the Swamp)

   [amulet of magic regeneration]

   It increases your magic regeneration.
   It protects you from fire.
 q - an uncursed ring of positive energy
 w - an uncursed ring of ice
 F - the amulet of Voucaut {Faith Str+3, unknown}
   (You found it on level 3 of the Elven Halls)

   [amulet of faith]

   It allows you to gain divine favour quickly.
   It affects your strength (+3).
 X - an uncursed ring of positive energy
Wands
 k - a wand of clouds (5)
 m - a wand of acid (32)
 t - a wand of iceblast (30)
 u - a wand of digging (21)
 v - a wand of paralysis (11)
 x - a wand of flame (50)
 Q - a wand of enslavement (8)
 W - a wand of scattershot (15)
Scrolls
 c - 3 scrolls of magic mapping
 f - 3 scrolls of noise
 h - 7 scrolls of teleportation
 i - a scroll of holy word
 j - 18 scrolls of remove curse
 L - 6 scrolls of fear
 O - a scroll of enchant armour
 P - 5 scrolls of fog
 U - a scroll of amnesia
 V - 2 scrolls of immolation
Potions
 e - 6 potions of curing
 l - a potion of degeneration
 r - a potion of invisibility
 z - 2 potions of brilliance
 A - 4 potions of might
 B - 3 potions of berserk rage
 C - 5 potions of heal wounds
 E - a potion of cancellation
 H - 2 potions of flight
 I - a potion of mutation
 J - a potion of ambrosia {unknown}
 N - 2 potions of agility
 S - 3 potions of magic
 T - 2 potions of haste
Miscellaneous
 y - a lightning rod (4/4)
 M - 3 boxes of beasts
 Y - 2 phantom mirrors
 Z - a sack of spiders
Comestibles
 b - 27 rations
 s - a chunk of flesh


   Skills:
 + Level 12.1 Fighting
 * Level 12.4 Dodging
 - Level 1.0 Stealth
 - Level 10.0 Shields
 * Level 19.8 Unarmed Combat
 - Level 7.0 Spellcasting
 - Level 4.4 Translocations
 - Level 10.7 Transmutations
 - Level 12.4 Earth Magic


You had 26 spell levels left.
You knew the following spells:

 Your Spells              Type           Power        Failure   Level  Hunger
a - Apportation           Tloc           ###...       1%          1    None
b - Statue Form           Tmut/Erth      #####....    10%         6    ######.

Your spell library contained the following spells:

 Spells                   Type           Power        Failure   Level  Hunger
 Fireball                 Conj/Fire      #.........   92%         5    #####..
 Conjure Flame            Conj/Fire      #.......     22%         3    #......
 Lightning Bolt           Conj/Air       #.........   92%         5    #####..
 Confuse                  Hex            #.......     22%         3    #......
 Throw Flame              Conj/Fire      #.....       11%         2    None
 Freezing Cloud           Conj/Ice/Air   #.........   100%        6    ######.
 Venom Bolt               Conj/Pois      #.........   92%         5    #####..
 Olgreb's Toxic Radiance  Pois           #.......     61%         4    ###....
 Summon Small Mammal      Summ           #...         7%          1    None
 Animate Skeleton         Necr           N/A          7%          1    None
 Sticky Flame             Conj/Fire      #.......     61%         4    ###....
 Call Imp                 Summ           #.......     11%         2    None
 Shock                    Conj/Air       #...         7%          1    None
 Swiftness                Chrm/Air       #.......     11%         2    None
 Deflect Missiles         Chrm/Air       #.........   100%        6    ######.
 Airstrike                Air            #.........   61%         4    ###....
 Confusing Touch          Hex            #.....       7%          1    None
 Flame Tongue             Conj/Fire      #....        7%          1    None
 Ignite Poison            Fire/Tmut/Pois ###.....     4%          3    #......
 Metabolic Englaciation   Hex/Ice        #.........   92%         5    #####..
 Summon Butterflies       Summ           #.......     7%          1    None
 Static Discharge         Conj/Air       #.......     22%         3    #......
 Petrify                  Tmut/Erth      #####...     1%          4    ###....
 Inner Flame              Hex/Fire       #.......     22%         3    #......
 Beastly Appendage        Tmut           #####.       1%          1    None
 Summon Lightning Spire   Summ/Air       #.......     61%         4    ###....
 Spellforged Servitor     Conj/Summ      #.........   100%        7    #######
 Irradiate                Conj/Tmut      ###.......   22%         5    #####..
 Gell's Gravitas          Tloc           ###.......   3%          3    #......
 Yara's Violent Unravell  Hex/Tmut       ###.......   22%         5    #####..
 Poisonous Vapours        Pois/Air       #.....       11%         2    None


Dungeon Overview and Level Annotations

Branches:
Dungeon (14/15)              Lair (6/6) D:9           Swamp (4/4) Lair:4
  Snake (4/4) Lair:2        Slime (5/5) Lair:5          Orc (2/2) D:10
    Elf (3/3) Orc:2
 Temple: D:4-7       Vaults: D:13-14

Altars:
Ashenzari
Fedhas
Kikubaaqudgha
Okawaru
Ru
Sif Muna
Vehumet
Wu Jian
Beogh

Shops:
Orc:2 *}?(   Snake:3 [*

Portals:
Pandemonium: Orc:2
Trove: D:12 (give +6 ice dragon scales)

Annotations:
D:5 4thArraOfDagon's ghost, amateur MiMo
Lair:3 Nergalle
Lair:5 Josephine
Orc:1 Harold


Innate Abilities, Weirdness & Mutations

You are too large for most types of armour.
You have claws for hands.
Your metabolism is lightning-fast.
You like to eat raw meat.
Your natural rate of healing is unusually fast.
((You are covered in fur. (AC +1)))
((You have very tough skin. (AC +2)))
You have a pair of small horns on your head.
You have sharp toenails.
Your mind is acute. (Int +2)
Your flesh is heat resistant. (rF+)
Your magical capacity is low. (-10% MP)
You occasionally shout uncontrollably at your foes.
Your spells are a little easier to cast, but a little less powerful.


Message History

You scratch the Brimstone Fiend but do no damage.
You claw the Brimstone Fiend, but do no damage.
You headbutt the Brimstone Fiend, but do no damage.
The Brimstone Fiend is lightly wounded.
You eviscerate the Brimstone Fiend!!!!
The Brimstone Fiend is almost dead.
A ynoxinul comes into view.
The Brimstone Fiend gestures at you.
The sphere of damnation explodes!
The damnation engulfs you!
* * * LOW HITPOINT WARNING * * *
The damnation engulfs the Brimstone Fiend.
The Brimstone Fiend completely resists.
The Brimstone Fiend gestures at you.
The sphere of damnation explodes!
The damnation engulfs you!
* * * LOW HITPOINT WARNING * * *
The damnation engulfs the Brimstone Fiend.
The Brimstone Fiend completely resists.
The Brimstone Fiend gestures at you.
The sphere of damnation explodes!
The damnation engulfs you!
You die...

.... ##. ...# ..... ..... ##.
...# .... .... #.. ...# #... ...#
## #####.#
...#########'####..3##.####.....#
...##..................#.....####
.......................#.....#
...............§§§.....#.....#
...............§8§.....#.....#
...............§1§.....#.....#
.............∩.........#.....#
...............##...##+##.#######
...##....########...##.##'####...
...##....###...##................
...##....#.......................
.........#.......................
.........#..........##....####...


You could see a Brimstone Fiend and a ynoxinul.

Vanquished Creatures
  the Royal Jelly (Slime:5)
  A Hell Sentinel (Pan)
  An Ice Fiend (Pan)
  The ghost of KristoblXynda the Brawler, an adept TrWz of Ashenzari (Swamp:4)
  A deep elf master archer (Elf:3)
  4 deep elf blademasters (Elf:3)
  22 acid blobs
  Kirke (Lair:5)
  7 thorn hunters
  Roxanne (D:14)
  9 azure jellies
  7 nagarajas
  Aizul (Swamp:1)
  A frost giant (IceCv)
  A cacodemon (Pan)
  A balrug (Pan)
  9 deep elf sorcerers (Elf:3)
  2 corrupters (Pan)
  A warmonger (Pan)
  7 deep elf elementalists
  A reaper (Pan)
  A black sun (Pan)
  Nessos (D:13)
  6 deep elf annihilators
  A minotaur (Lab)
  4 deep elf demonologists
  2 deep elf death magi (Elf:3)
  14 death oozes
  A green death (Pan)
  A fire dragon (Lair:6)
  2 deep elf high priests (Elf:3)
  5 great orbs of eyes
  A monstrous demonspawn (Pan)
  19 hydras
  2 ghost crabs
  An ice dragon (Swamp:4)
  17 naga warriors
  14 anacondas
  Erica (D:11)
  8 dancing weapons
  5 two-headed ogres
  5 alligators
  A queen ant (Lair:2)
  4 orc high priests (Orc:2)
  3 sun demons (Pan)
  13 naga sharpshooters
  4 shock serpents
  10 deep elf knights
  A sixfirhy (Pan)
  A soul eater (Pan)
  A death drake (Swamp:3)
  An unseen horror (D:13)
  3 salamander mystics
  The ghost of MisterFreud the Cleaver, a novice FoFi of Makhleb (D:7)
  2 spectral hydras (Swamp:3)
  A gelid demonspawn (Orc:2)
  2 shambling mangroves
  2 spriggan druids
  A shadow demon (Pan)
  13 deep elf archers
  13 swamp dragons
  A glowing orange brain (Slime:1)
  8 naga ritualists
  2 infernal demonspawn (Pan)
  A phantasmal warrior (Swamp:3)
  A necromancer (Swamp:3)
  36 deep elf magi
  3 ugly things
  7 orc knights
  6 shining eyes
  12 mana vipers
  11 orc sorcerers
  A manticore (Lair:6)
  A centaur zombie (D:12)
  A moth of wrath (shapeshifter) (Elf:3)
  11 salamanders
  35 black mambas
  22 elephants
  8 guardian serpents
  12 naga magi
  3 orange demons
  3 smoke demons (Pan)
  2 eyes of devastation
  An ice statue (IceCv)
  5 rime drakes
  3 centaur skeletons
  2 gargoyles
  12 spiny frogs
  3 hellions (Pan)
  2 ice devils (Lair:2)
  2 swamp worm zombies (Swamp:3)
  6 komodo dragons
  A minotaur skeleton (Lab)
  2 red devils
  23 polar bears
  5 trolls
  4 tyrant leeches
  7 hornets
  13 bog bodies
  4 hippogriffs
  8 blink frogs
  A raiju (Lair:6)
  4 spectral swamp dragons (Swamp:3)
  59 slime creatures
  A dream sheep (Lair:6)
  2 alligator zombies (Swamp:3)
  2 large abominations
  8 shadows
  2 water elementals
  2 ynoxinuls (Pan)
  A wyvern (D:10)
  2 air elementals (Elf:1)
  9 redbacks
  9 spriggans
  5 tyrant leech zombies (Swamp:3)
  29 yaks
  A hog (Lair:5)
  Grum (D:8)
  A steam dragon (Lair:6)
  3 hungry ghosts
  A chaos spawn (Orc:2)
  A golden eye (Slime:5)
  2 basilisks
  4 wargs (Lair:6)
  Menkaure (D:7)
  14 vampire mosquitoes
  66 nagas
  3 acid dragons
  11 insubstantial wisps
  9 swamp worms
  7 spiny frog zombies (Swamp:3)
  15 hell hounds (Lair:6)
  8 water moccasins
  6 porcupines
  11 swamp drakes
  22 orc warriors
  14 black bears
  8 ogres
  3 phantoms
  5 ice beasts
  5 eyes of draining
  4 centaurs
  34 wolves
  3 crocodiles
  2 big kobolds
  12 bullfrogs
  3 earth elementals
  A wyvern skeleton (D:14)
  4 scorpions
  10 killer bees
  A spriggan zombie (Swamp:3)
  2 troll zombies (Swamp:3)
  6 wights
  An electric eel (D:9)
  3 crimson imps
  A quasit (D:14)
  23 orc priests
  2 jellies
  7 hounds
  2 bullfrog skeletons
  A hound (shapeshifter) (D:14)
  9 orc wizards
  5 iguanas
  4 worker ants
  Ijyb (D:3)
  A hound zombie (D:9)
  A hound skeleton (D:8)
  11 adders
  2 shadow imps (D:6)
  An adder zombie (D:8)
  A worm (D:6)
  A dart slug (D:1)
  4 leopard geckos
  51 orcs
  A ball python (D:6)
  A giant cockroach (D:6)
  A hobgoblin (D:3)
  3 jackals (D:6)
  8 kobolds
  A quokka (D:2)
  A bat (D:3)
  A leopard gecko skeleton (D:6)
  A rat (D:3)
  2 briar patches (Swamp:4)
  A plant (Lair:6)
1151 creatures vanquished.

Vanquished Creatures (others)
  2 humans (Lair:5)
  A hell hound (Lair:6)
  An iguana (Lair:6)
  8 briar patches (Swamp:4)
  9 fungi
  8 plants
  6 withered plants (Swamp:3)
35 creatures vanquished.

Grand Total: 1186 creatures vanquished

Notes
Turn   | Place    | Note
-------+----------+-------------------------------------------
     0 | D:1      | 4thArraOfDagon the Troll Monk began the quest for the Orb.
     0 | D:1      | Reached XP level 1. HP: 22/22 MP: 0/0
   117 | D:3      | Reached XP level 2. HP: 23/29 MP: 1/1
   155 | D:3      | Noticed Ijyb
   168 | D:3      | Killed Ijyb
   168 | D:3      | Reached skill level 4 in Unarmed Combat
   168 | D:3      | Reached XP level 3. HP: 20/36 MP: 2/2
   297 | D:5      | Entered Level 5 of the Dungeon
   297 | D:5      | Noticed a bullfrog
   304 | D:5      | Killed a bullfrog
   304 | D:5      | Reached XP level 4. HP: 34/45 MP: 3/3
   363 | D:5      | Reached skill level 5 in Unarmed Combat
   363 | D:5      | Reached XP level 5. HP: 51/53 MP: 4/4
   458 | D:6      | Reached XP level 6. HP: 62/62 MP: 5/5
   485 | D:5      | Noticed 4thArraOfDagon's ghost (amateur MiMo)
   515 | D:7      | Noticed a spriggan baker
   527 | D:7      | Killed a spriggan baker
   527 | D:7      | Reached skill level 6 in Unarmed Combat
   559 | D:7      | Noticed Menkaure
   564 | D:7      | Gained mutation: You have a beak for a mouth. [potion of mutation]
   564 | D:7      | Gained mutation: Your body sometimes deteriorates upon taking damage. [potion of mutation]
   564 | D:7      | Gained mutation: Your spells are a little easier to cast, but a little less powerful. [potion of mutation]
   564 | D:7      | Gained mutation: You have supernaturally acute eyesight. (SInv) [potion of mutation]
   647 | D:6      | Reached XP level 7. HP: 53/70 MP: 6/6
   719 | D:7      | Found an ornate altar of the Wu Jian Council.
   725 | D:7      | Became a worshipper of the Wu Jian Council
   725 | D:7      | Reached * piety under Wu Jian
   725 | D:7      | Reached ** piety under Wu Jian
   837 | D:7      | Killed Menkaure
   837 | D:7      | Reached skill level 7 in Unarmed Combat
   968 | D:7      | Got a bloodstained rapier
   976 | D:8      | Noticed a deep elf mage
   984 | D:8      | Noticed a gargoyle
  1025 | D:7      | Noticed a hippogriff
  1033 | D:7      | Killed a hippogriff
  1033 | D:7      | Reached skill level 5 in Fighting
  1033 | D:7      | Reached skill level 8 in Unarmed Combat
  1033 | D:7      | Reached XP level 8. HP: 57/80 MP: 7/7
  1068 | D:8      | Noticed Grum
  1087 | D:8      | Killed Grum
  1087 | D:8      | Reached skill level 9 in Unarmed Combat
  1094 | D:7      | HP: 4/81 [wolf[Grum] (10)]
  1111 | D:7      | Noticed MisterFreud's ghost (novice FoFi)
  1193 | D:7      | Killed MisterFreud's ghost
  1193 | D:7      | Reached skill level 10 in Unarmed Combat
  1193 | D:7      | Reached XP level 9. HP: 60/89 MP: 8/8
  1546 | D:9      | Reached skill level 11 in Unarmed Combat
  1554 | D:10     | Entered Level 10 of the Dungeon
  1564 | D:9      | Found a staircase to the Lair.
  1714 | D:10     | Found a staircase to the Orcish Mines.
  1724 | D:10     | Reached *** piety under Wu Jian
  1804 | D:10     | Found a sacrificial altar of Ru.
  1842 | D:10     | Got a faintly glowing robe
  1853 | D:10     | Identified the +3 robe of Jaihonn {Dex+2 Slay+2} (You found it on level 10 of the Dungeon)
  1866 | D:10     | Noticed a troll
  1876 | D:10     | Killed a troll
  1876 | D:10     | Reached XP level 10. HP: 60/102 MP: 9/9
  1891 | D:10     | Noticed a two-headed ogre
  1896 | D:10     | Killed a two-headed ogre
  1896 | D:10     | Reached skill level 12 in Unarmed Combat
  1931 | D:10     | Noticed a two-headed ogre
  1944 | D:10     | Killed a two-headed ogre
  2072 | D:10     | Found a roughly hewn altar of Beogh.
  2109 | D:11     | Reached skill level 13 in Unarmed Combat
  2138 | D:11     | Noticed a gargoyle
  2156 | D:11     | HP: 3/104 [gargoyle/stone arrow (19)]
  2157 | D:11     | Killed a gargoyle
  2256 | D:11     | Noticed Erica
  2281 | D:11     | Killed Erica
  2351 | D:11     | Reached XP level 11. HP: 46/113 MP: 10/10
  2418 | D:12     | Noticed a two-headed ogre
  2427 | D:12     | Killed a two-headed ogre
  2456 | D:12     | Reached skill level 14 in Unarmed Combat
  2533 | D:12     | Noticed a deep elf mage
  2546 | D:12     | Killed a deep elf mage
  2583 | D:12     | Reached **** piety under Wu Jian
  2596 | D:12     | Found a portal to a secret trove of treasure.
  2743 | D:12     | Noticed a purple ugly thing
  2748 | D:12     | Noticed a red ugly thing
  2751 | D:12     | Killed a purple ugly thing
  2755 | D:12     | Killed a red ugly thing
  2791 | D:12     | Learned a level 1 spell: Apportation
  2809 | D:13     | Noticed an unseen horror
  2817 | D:13     | Killed an unseen horror
  2829 | D:13     | Found a deep blue altar of Sif Muna.
  2845 | D:13     | Noticed a purple ugly thing
  2862 | D:13     | Killed a purple ugly thing
  2893 | D:13     | Noticed Nessos
  2895 | D:13     | Killed Nessos
  2895 | D:13     | Reached skill level 15 in Unarmed Combat
  2898 | D:13     | :O
  2900 | D:13     | ReniFell: wooooooooot was that
  2919 | D:13     | 4thArraOfDagon: :0
  3064 | D:14     | Noticed Roxanne
  3068 | D:14     | incide: you don't have to put on the reeeed light
  3111 | D:14     | Killed Roxanne
  3111 | D:14     | Reached XP level 12. HP: 104/126 MP: 10/12
  3112 | D:14     | Identified Roxanne's Guide on Transmutation (You took it off Roxanne on level 14 of the Dungeon)
  3121 | D:14     | Learned a level 6 spell: Statue Form
  3163 | D:14     | Reached skill level 10 in Fighting
  3173 | D:14     | Reached skill level 1 in Earth Magic
  3190 | D:14     | Reached skill level 1 in Spellcasting
  3196 | D:14     | Noticed a death knight
  3212 | D:13     | Reached skill level 1 in Transmutations
  3265 | D:12     | Reached ***** piety under Wu Jian
  3316 | D:12     | Found a blossoming altar of Fedhas.
  3485 | Orc:1    | Entered Level 1 of the Orcish Mines
  3494 | Orc:1    | Found a radiant altar of Vehumet.
  3681 | Orc:1    | Noticed Harold
  3704 | Orc:2    | Entered Level 2 of the Orcish Mines
  3871 | D:9      | Noticed a two-headed ogre
  3880 | D:9      | Killed a two-headed ogre
  3911 | Lair:1   | Entered Level 1 of the Lair of Beasts
  3934 | Lair:1   | Found a labyrinth entrance.
  3956 | Lab      | Entered a labyrinth
  4161 | Lab      | Reached skill level 5 in Earth Magic
  4211 | Lab      | Noticed a minotaur
  4222 | Lab      | Killed a minotaur
  4236 | Lab      | Got a faintly humming shield
  4254 | Lair:1   | Noticed a six-headed hydra
  4268 | Lair:2   | Noticed an eight-headed hydra
  4271 | Lair:2   | Noticed a queen ant
  4271 | Lair:2   | an eight-headed hydra changed into a queen ant
  4283 | Lair:2   | Killed a queen ant
  4305 | Lair:2   | Reached ****** piety under Wu Jian
  4336 | Lair:2   | Found an iron altar of Okawaru.
  4360 | Lair:2   | Found a frozen archway.
  4377 | IceCv    | Entered an ice cave
  4385 | IceCv    | Reached XP level 13. HP: 124/133 MP: 16/16
  4412 | IceCv    | Reached skill level 5 in Transmutations
  4660 | IceCv    | Noticed a frost giant
  4675 | IceCv    | Killed a frost giant
  4713 | IceCv    | Got an ichor-stained great mace
  4933 | Lair:3   | Noticed Nergalle
  5389 | Lair:4   | Found a shattered altar of Ashenzari.
  5457 | Lair:4   | Identified the +2 shield "Faij" {Int+4} (You found it in a labyrinth)
  5568 | Lair:6   | Entered Level 6 of the Lair of Beasts
  5694 | Lair:5   | Noticed Josephine
  5730 | Lair:6   | Reached XP level 14. HP: 32/143 MP: 19/19
  5889 | Lair:5   | Noticed Kirke
  5892 | Lair:5   | Killed Kirke
  5992 | Lair:6   | wiza?
  6002 | Lair:6   | yes
  6262 | Lair:6   | Identified the Tome of Noxious Weightlessness
  6422 | Lair:6   | Reached skill level 10 in Earth Magic
  6556 | Lair:5   | Reached skill level 5 in Spellcasting
  6645 | Lair:4   | Found a staircase to the Swamp.
  6701 | Swamp:1  | Entered Level 1 of the Swamp
  6713 | Swamp:1  | Noticed Aizul
  6747 | Lair:4   | Lost mutation: Your body sometimes deteriorates upon taking damage. [potion of mutation]
  6747 | Lair:4   | Lost mutation: Your spells are a little easier to cast, but a little less powerful. [potion of mutation]
  6770 | Swamp:1  | Killed Aizul
  6867 | Swamp:1  | Noticed a thorn hunter
  6877 | Swamp:1  | Killed a thorn hunter
  7178 | Swamp:2  | Reached XP level 15. HP: 54/149 MP: 3/22
  7199 | Swamp:2  | Torious: harpoon shot OP :(
  7264 | Swamp:2  | Found a transporter.
  7473 | Swamp:2  | Found a transporter.
  7614 | Swamp:2  | Got a wavering glass ring
  7629 | Swamp:2  | Got a brightly glowing granite ring
  7632 | Swamp:2  | Got a scorched ivory amulet
  7633 | Swamp:2  | Identified the amulet "Leit" {RegenMP rF+} (You found it on level 2 of the Swamp)
  7639 | Swamp:2  | Identified the ring of Genylo {Str+2 Dex+2} (You found it on level 2 of the Swamp)
  7641 | Swamp:2  | Identified the ring of the Shining Light {*Tele rElec} (You found it on level 2 of the Swamp)
  7644 | Swamp:2  | :(
  7682 | Swamp:3  | Noticed a thorn hunter
  7732 | Swamp:3  | Killed a thorn hunter
  7839 | Swamp:3  | HP: 8/193 [spriggan rider/spear (11)]
  7844 | Swamp:2  | NormalPerson7: oO
  7855 | Swamp:2  | NormalPerson7: double vblink
  7941 | Swamp:3  | Reached skill level 10 in Transmutations
  8065 | Swamp:4  | Entered Level 4 of the Swamp
  8109 | Swamp:4  | Noticed a thorn hunter
  8121 | Swamp:3  | Killed a thorn hunter
  8163 | Swamp:4  | Noticed a thorn hunter
  8224 | Swamp:4  | Killed a thorn hunter
  8704 | Swamp:4  | Noticed a thorn hunter
  8726 | Swamp:4  | Killed a thorn hunter
  8726 | Swamp:4  | Reached skill level 1 in Translocations
  8837 | Swamp:4  | Reached XP level 16. HP: 158/158 MP: 20/24
  8872 | Swamp:4  | Noticed KristoblXynda's ghost (adept TrWz)
  8880 | Swamp:4  | Noticed a thorn hunter
  8883 | Swamp:4  | Killed KristoblXynda's ghost
  8887 | Swamp:4  | Killed a thorn hunter
  8933 | Swamp:4  | Got a decaying rune of Zot
  8958 | Swamp:4  | Noticed a thorn hunter
  8977 | Swamp:4  | Killed a thorn hunter
  9150 | Lair:2   | Found a staircase to the Snake Pit.
  9161 | Snake:1  | Entered Level 1 of the Snake Pit
  9339 | Snake:3  | Found Guutueti's Antique Armour Boutique.
  9343 | Snake:3  | Found Dicoi's Assorted Antiques.
  9345 | Snake:3  | Bought a glowing cloak for 262 gold pieces
  9362 | Snake:3  | Bought a scroll of identify for 38 gold pieces
  9362 | Snake:3  | Bought a scroll of identify for 38 gold pieces
  9362 | Snake:3  | Bought a scroll of fog for 38 gold pieces
  9362 | Snake:3  | Bought a scroll of identify for 38 gold pieces
  9362 | Snake:3  | Bought a notched golden ring for 95 gold pieces
  9362 | Snake:3  | Bought a potion of magic for 152 gold pieces
  9486 | Snake:2  | Reached skill level 5 in Dodging
  9488 | Snake:2  | Reached skill level 16 in Unarmed Combat
  9822 | Snake:4  | Entered Level 4 of the Snake Pit
  9998 | Snake:4  | Reached XP level 17. HP: 166/166 MP: 26/26
 10009 | Snake:4  | Reached skill level 1 in Shields
 10349 | Snake:4  | Reached skill level 17 in Unarmed Combat
 10479 | Snake:4  | Reached skill level 5 in Shields
 10808 | Snake:4  | Got a serpentine rune of Zot
 10850 | Snake:4  | Ultraviolent4: you are madman
 10861 | Snake:3  | Ultraviolent4: <3
 11088 | Lair:5   | Found a staircase to the Slime Pits.
 11103 | Slime:1  | Entered Level 1 of the Pits of Slime
 11114 | Slime:1  | Noticed an acid blob
 11177 | Slime:1  | Killed an acid blob
 11178 | Slime:1  | Noticed an acid blob
 11183 | Slime:1  | Killed an acid blob
 11183 | Slime:1  | Reached XP level 18. HP: 166/174 MP: 23/27
 11287 | Slime:1  | Reached skill level 10 in Shields
 11391 | Slime:2  | Gained mutation: Your spells are a little easier to cast, but a little less powerful. [a shining eye]
 11579 | Slime:3  | Vajrapani: !stalk 4tharra
 11585 | Slime:3  | XtahuaRules: 4thArraOfDagon the L17 TrMo^Wu in Lair:5 (cxc tiles), 1:25:08, T:11121, runes: 2 (serpentine, decaying), defenses: 22/16/0, stats: 25/11/14, >15 skills: Unarmed Combat
 11610 | Slime:4  | Gained mutation: Your body sometimes deteriorates upon taking damage. [a shining eye]
 11612 | Slime:4  | Lost mutation: You have supernaturally acute eyesight. (SInv) [a shining eye]
 11756 | Slime:5  | Entered Level 5 of the Pits of Slime
 11821 | Slime:5  | Gained mutation: You occasionally shout uncontrollably at your foes. [a shining eye]
 11836 | Slime:5  | Gained mutation: Your spells are easier to cast, but less powerful. [a shining eye]
 11996 | Slime:5  | Noticed the Royal Jelly
 12005 | Slime:5  | Killed the Royal Jelly
 12010 | Slime:5  | Got a steaming glass ring
 12298 | Slime:5  | Found the +18 shield of the Gong {rElec rN+ MR+ EV-5}
 12300 | Slime:5  | Found the fabulously ornate robe
 12300 | Slime:5  | Reached skill level 18 in Unarmed Combat
 12313 | Slime:5  | Got a slimy glass ring
 12321 | Slime:5  | Got a scorched platinum amulet
 12340 | Slime:5  | Identified the cursed -5 robe of Misfortune {-Cast *Contam *Tele *Drain EV-5 Stlth-- *Curse} (You found it on level 5 of the Pits of Slime)
 12341 | Slime:5  | :O
 12342 | Slime:5  | Identified the amulet of Beogh's Delight {+Rage rC+} (You found it on level 5 of the Pits of Slime)
 12352 | Slime:5  | Identified the ring of Joakk {Str+4 Int-3 Dex+4 Stlth-} (You found it on level 5 of the Pits of Slime)
 12353 | Slime:5  | :O
 12366 | Slime:5  | Got a slimy rune of Zot
 12378 | Slime:5  | Identified the ring "Rixat" {+Fly rElec Dex+4} (You found it on level 5 of the Pits of Slime)
 12400 | Slime:5  | Identified the amulet "Iculol" {Harm *Drain rC+ Str-4 Stlth+} (You found it on level 5 of the Pits of Slime)
 12544 | Slime:2  | Gained mutation: Your magical capacity is low. (-10% MP) [a shining eye]
 12545 | Slime:2  | Gained mutation: You tend to lose your temper in combat. [a shining eye]
 12561 | Slime:2  | Reached XP level 19. HP: 53/184 MP: 25/25
 12626 | Lair:5   | Lost mutation: You occasionally shout uncontrollably at your foes. [potion of mutation]
 12626 | Lair:5   | Lost mutation: Your magical capacity is low. (-10% MP) [potion of mutation]
 12626 | Lair:5   | Gained mutation: You are somewhat resistant to further mutation. [potion of mutation]
 12626 | Lair:5   | Gained mutation: You are occasionally teleported next to monsters. [potion of mutation]
 12627 | Lair:5   | Lost mutation: You tend to lose your temper in combat. [potion of mutation]
 12627 | Lair:5   | Gained mutation: Your system is resistant to poisons. (rPois) [potion of mutation]
 12628 | Lair:5   | Lost mutation: Your spells are easier to cast, but less powerful. [potion of mutation]
 12628 | Lair:5   | Lost mutation: Your system is resistant to poisons. (rPois) [potion of mutation]
 12628 | Lair:5   | Lost mutation: Your body sometimes deteriorates upon taking damage. [potion of mutation]
 12628 | Lair:5   | Lost mutation: You have a beak for a mouth. [potion of mutation]
 12629 | Lair:5   | Lost mutation: You are somewhat resistant to further mutation. [potion of mutation]
 12629 | Lair:5   | Lost mutation: You are occasionally teleported next to monsters. [potion of mutation]
 12629 | Lair:5   | Gained mutation: Your mind is acute. (Int +2) [potion of mutation]
 12629 | Lair:5   | Gained mutation: Your flesh is heat resistant. (rF+) [potion of mutation]
 12629 | Lair:5   | Gained mutation: You have sharp toenails. [potion of mutation]
 12629 | Lair:5   | Gained mutation: You have a pair of small horns on your head. [potion of mutation]
 12646 | Lair:4   | no rcorr sucks but
 12891 | Orc:2    | Found Suxkuzxius's General Store.
 12895 | Orc:2    | Found Ankeereq's Magic Scroll Shop.
 12936 | Orc:2    | Bought a potion of heal wounds for 70 gold pieces
 12938 | Orc:2    | Bought a scroll of magic mapping for 49 gold pieces
 12938 | Orc:2    | Bought a scroll of magic mapping for 49 gold pieces
 12938 | Orc:2    | Bought a scroll of teleportation for 42 gold pieces
 13014 | Orc:2    | Reached skill level 10 in Dodging
 13033 | Orc:2    | Found Zygum's Antique Weapon Shoppe.
 13033 | Orc:2    | Found Guogruaq's Gadget Emporium.
 13033 | Orc:2    | Found a one-way gate leading to the halls of Pandemonium.
 13039 | Orc:2    | pan
 13040 | Orc:2    | ok...
 13077 | Orc:2    | Found a staircase to the Elven Halls.
 13087 | Elf:1    | Entered Level 1 of the Elven Halls
 13165 | Elf:1    | Identified Emeubam's Compendium of the Entourage
 13225 | Elf:2    | Found an ancient bone altar of Kikubaaqudgha.
 13297 | Elf:1    | Identified the ring "Kerphexit" {MP+9 Str+2 Dex+3 Stlth+} (You found it on level 1 of the Elven Halls)
 13332 | Elf:2    | Found the +2 pair of boots of the Assassin {Detection Stab+ Stlth++}
 13374 | Elf:3    | Entered Level 3 of the Elven Halls
 13692 | Elf:3    | Reached skill level 19 in Unarmed Combat
 13785 | Elf:3    | Reached XP level 20. HP: 131/197 MP: 29/29
 13789 | Elf:3    | Got an encrusted shield
 13873 | Elf:3    | Got a scorched brass amulet
 13909 | Elf:3    | Identified Orymmeef's Reference Book on Companions and Moulding
 14204 | Pan      | Entered Pandemonium
 14330 | Pan      | Identified the cursed +0 shield of Jesoloeg {+Inv Int+7} (You took it off a deep elf sorcerer on level 3 of the Elven Halls)
 14349 | Pan      | Gained mutation: You occasionally shout uncontrollably at your foes. [a cacodemon]
 14350 | Pan      | Gained mutation: Your magical capacity is low. (-10% MP) [a cacodemon]
 14357 | Pan      | Paralysed by accursed screaming for 1 turns
 14444 | Pan      | Noticed Gownouh the pandemonium lord
 14447 | Pan      | Noticed a golden dragon
 14486 | Pan      | Killed from afar by a Brimstone Fiend

Vault maps used:
D:1:      nzn_arrival_settlement
D:2:      okawaru_metal_pillars_1_2, uniq_jessica
D:3:      first_ration, roderic_roman_lattice, uniq_ijyb
D:4:      uniq_sigmund
D:5:      minmay_temple_entry_statues_pillars
D:7:      nicolae_overflow_crystal_walls, serial_glass, glass_columns_a,
          glass_columns_b, glass_columns_c, the_bakery, lemuel_flamethrower_1,
          uniq_menkaure, uniq_crazy_yiuf_cottage
D:8:      cheibrodos_elevator_heist, basic_altar, uniq_grum
D:9:      minmay_lair_entry_lava, nicolae_lava_and_water
D:10:     minmay_orc_entry_temple_small, nicolae_ru_sacrificial_ziggurat
D:11:     minivault_23, uniq_erica
D:12:     enter_trove_0, fedhas_altar_1
D:13:     basic_altar, uniq_nessos
D:14:     hangedman_vaults_entry_quadrant_bands, kennysheep_doodads,
          ice2_lemuel, uniq_roxanne
Lair:1:   serial_forest, infiniplex_forest_end_2, infiniplex_forest_lined_2,
          infiniplex_forest_zigzag_1, infiniplex_forest_clump_medium,
          infiniplex_forest_clump_tiny, lab_entry_generic
Lair:2:   guppyfry_snake_entry_island, basic_altar,
          portal_ice_cave_demonic_guard, lemuel_fruit_tree
Lair:3:   minmay_lair_venomous_thicket, uniq_nergalle
Lair:4:   minmay_swamp_entry_swarm, basic_altar, serial_forest,
          infiniplex_forest_clump_cross, infiniplex_forest_diagonal,
          infiniplex_forest_fountain, infiniplex_forest_corner_1, st_stairs_4
Lair:5:   slime_dummy, small_statue_intersection, st_stairs_9, uniq_kirke,
          uniq_josephine
Lair:6:   guppyfry_lair_end_dragon, hangedman_lair_caniforms_friends
Swamp:1:  hangedman_swamp_lotus, uniq_aizul
Swamp:2:  gammafunk_its_a_trap, hangedman_swamp_cone, infiniplex_staircase_pool
Swamp:3:  cheibrodos_swamp_mausoleum, evilmike_swamp_ruin_rubble_1, uniq_louise
Swamp:4:  swamp_alternative, swamp_pool4
Snake:1:  special_room
Snake:3:  nicolae_snake_linked_coils, minmay_shoptagon
Snake:4:  johnstein_snake_rune_scales
Slime:3:  cheibrodos_slime_lost_civilization_5
Slime:4:  nicolae_slime_welcoming_committee
Orc:1:    basic_altar, uniq_harold
Orc:2:    pf_orc_diabolical
Elf:1:    minmay_elf_demonology, grunt_ministairs_1, spider_trap
Elf:2:    basic_altar, uniq_saint_roka
Elf:3:    minmay_elf_hall_furrowed
Pan:      regret_index_pan_draining_boxed, nicolae_pan_lom_lobonic_2,
          rand_demon_1, evilmike_mini_pan_rooms
Lab:      nicolae_lab_diamond, labyrinth_skeletal_remains, lab_hedge,
          nicolae_lab_hexagon, lab_block, nicolae_lab_starburst,
          nicolae_lab_t_cross, nicolae_lab_quarters
IceCv:    ice_cave_small_giant

Skill      XL: |  1  2  3  4  5  6  7  8  9 10 11 12 13 14 15 16 17 18 19 20 |
---------------+-------------------------------------------------------------+-----
Unarmed Combat | 4 5 6 8 10 11 13 15 16 17 18 19 | 19.8
Fighting       | 3 4 5 6 7 8 9 10 11 12 | 12.1
Dodging        | 3 6 7 9 11 12 | 12.4
Earth Magic    | 5 8 10 12 | 12.4
Spellcasting   | 2 4 5 6 7 |  7.0
Transmutations | 4 7 9 10 | 10.7
Translocations | 1 4 |  4.4
Shields        | 9 10 | 10.0
Stealth        | |  1.0

Action                   |  1- 3 |  4- 6 |  7- 9 | 10-12 | 13-15 | 16-18 | 19-21 || total
-------------------------+-------+-------+-------+-------+-------+-------+-------++-------
Melee: Unarmed           |    59 |    51 |   221 |   495 |  1046 |   865 |   570 ||  3307
       Peck              |       |     1 |    38 |    97 |   219 |   172 |     5 ||   532
       Punch             |       |     1 |     7 |    45 |    80 |    53 |       ||   186
       Staff             |       |       |       |       |       |     4 |     2 ||     6
       Kick              |       |       |       |       |       |       |   129 ||   129
       Headbutt          |       |       |       |       |       |       |    80 ||    80
 Cast: Apportation       |       |       |       |     1 |       |     4 |     8 ||    13
       Statue Form       |       |       |       |       |    29 |    59 |    30 ||   118
Invok: Lunge             |       |       |    17 |    20 |    18 |    51 |    35 ||   141
       Whirlwind         |       |       |    50 |   167 |   376 |   229 |   187 ||  1009
       Wall Jump         |       |       |    11 |   259 |   820 |   422 |   204 ||  1716
       Serpent's Lash    |       |       |       |     2 |     8 |    13 |     3 ||    26
       Heavenly Storm    |       |       |       |       |       |     1 |       ||     1
 Abil: End Transformatio |       |       |       |       |       |    14 |     2 ||    16
Evoke: Wand              |       |       |     2 |     8 |     3 |     1 |     1 ||    15
  Use: Scroll            |       |     2 |     1 |    10 |     9 |    25 |     3 ||    50
       Potion            |       |     2 |     2 |     1 |     2 |     8 |     4 ||    19
 Stab: Sleeping          |       |       |       |     5 |     1 |       |     4 ||    10
       Distracted        |       |       |       |     4 |     1 |     1 |     1 ||     7
  Eat: Chunk             |     8 |     3 |     9 |    31 |    65 |    44 |    42 ||   202
       Ration            |       |       |       |       |     2 |    10 |     1 ||    13
Armor: Robe              |    19 |    11 |    44 |    63 |   125 |    15 |     4 ||   281
       Skin              |       |       |       |       |   436 |   477 |   152 ||  1065
Dodge: Dodged            |    44 |    16 |    87 |   148 |   796 |   637 |   290 ||  2018
Block: Shield            |       |       |       |       |       |   121 |   317 ||   438

Table legend:
 A = Spawn XP
 B = Non-spawn XP
 C = Spawn XP percentage of total XP
 D = Spawn monster count
 E = Non-spawn monster count
 F = Spawn count percentage of total count
 G = Total turns spent on level
                    A         B        C        D         E        F      G
               +---------+---------+-------+---------+---------+-------+---------
         Total |     672 |  528199 |   0.1 |       2 |    1129 |   0.2 | 14486
               +---------+---------+-------+---------+---------+-------+---------
           D:1 |       0 |       4 |   0.0 |       0 |       1 |   0.0 |    69
           D:2 |       0 |       2 |   0.0 |       0 |       1 |   0.0 |    30
           D:3 |       0 |      74 |   0.0 |       0 |      10 |   0.0 |   158
           D:5 |       0 |     121 |   0.0 |       0 |       2 |   0.0 |    94
           D:6 |       0 |     285 |   0.0 |       0 |      15 |   0.0 |   222
           D:7 |       0 |    1868 |   0.0 |       0 |      10 |   0.0 |   540
           D:8 |       0 |    2750 |   0.0 |       0 |      27 |   0.0 |   359
           D:9 |       0 |    1827 |   0.0 |       0 |      11 |   0.0 |   253
          D:10 |       0 |    3696 |   0.0 |       0 |      36 |   0.0 |   602
          D:11 |       0 |    4016 |   0.0 |       0 |      23 |   0.0 |   426
          D:12 |       0 |    6714 |   0.0 |       0 |      29 |   0.0 |   531
          D:13 |       0 |    4512 |   0.0 |       0 |      18 |   0.0 |   277
          D:14 |       0 |    3154 |   0.0 |       0 |      10 |   0.0 |   139
        Lair:1 |       0 |     749 |   0.0 |       0 |       4 |   0.0 |   100
        Lair:2 |       0 |    4924 |   0.0 |       0 |      17 |   0.0 |   401
        Lair:3 |       0 |    6812 |   0.0 |       0 |      25 |   0.0 |   208
        Lair:4 |       0 |    8019 |   0.0 |       0 |      28 |   0.0 |   395
        Lair:5 |       0 |    4499 |   0.0 |       0 |      10 |   0.0 |   417
        Lair:6 |       0 |   22201 |   0.0 |       0 |      91 |   0.0 |   891
       Swamp:1 |       0 |    9333 |   0.0 |       0 |      17 |   0.0 |   384
       Swamp:2 |       0 |   14700 |   0.0 |       0 |      27 |   0.0 |   728
       Swamp:3 |       0 |   28490 |   0.0 |       0 |      72 |   0.0 |   723
       Swamp:4 |       0 |   30132 |   0.0 |       0 |      45 |   0.0 |   519
       Snake:1 |       0 |    1558 |   0.0 |       0 |       3 |   0.0 |   118
       Snake:2 |       0 |   21299 |   0.0 |       0 |      38 |   0.0 |   247
       Snake:3 |       0 |   15554 |   0.0 |       0 |      33 |   0.0 |   476
       Snake:4 |       0 |   72288 |   0.0 |       0 |     132 |   0.0 |  1024
       Slime:1 |       0 |   17471 |   0.0 |       0 |      19 |   0.0 |   120
       Slime:2 |       0 |   10589 |   0.0 |       0 |      14 |   0.0 |   127
       Slime:3 |       0 |    8026 |   0.0 |       0 |      11 |   0.0 |   257
       Slime:4 |       0 |   16464 |   0.0 |       0 |      20 |   0.0 |   415
       Slime:5 |       0 |   41871 |   0.0 |       0 |      28 |   0.0 |   427
         Orc:1 |       0 |    2705 |   0.0 |       0 |      28 |   0.0 |   254
         Orc:2 |       0 |   17749 |   0.0 |       0 |      85 |   0.0 |   348
         Elf:1 |       0 |   32611 |   0.0 |       0 |      59 |   0.0 |   315
         Elf:2 |       0 |    8274 |   0.0 |       0 |      12 |   0.0 |   150
         Elf:3 |       0 |   62046 |   0.0 |       0 |      46 |   0.0 |   597
           Pan |     672 |   29050 |   2.3 |       2 |      29 |   6.5 |   282
           Lab |       0 |    2665 |   0.0 |       0 |       7 |   0.0 |   284
         IceCv |       0 |    9097 |   0.0 |       0 |      36 |   0.0 |   539
               +---------+---------+-------+---------+---------+-------+---------
